3057 views
Uploaded 2020-02-01 23:14:34
Game version 1.32 / 1.32.1
11:11 long 4on4 ladder game on (8)Deadlock_LV
Saved by BEARAND
3057 views
Uploaded 2020-02-01 23:14:34
Game version 1.32 / 1.32.1
11:11 long 4on4 ladder game on (8)Deadlock_LV


74 units @ 5.5k
/ 0k
135 buildings @ 11.2k
/ 6k
⇛
ChuckleMan
(103)
(11:10) : 
| Lesser Clarity Potion | 6 | 420 |
| Scroll of Speed | 1 | 50 |
| Healing Salve | 3 | 300 |
| Tiny Great Hall | 1 | 600 |
| Orb of Lightning | 1 | 375 |
| Boots of Speed | 1 | 250 |
| Staff of Teleportation | 1 | 150 |
| Robe of the Magi +6 | 1 | 400 |
| total: | 15 | 2545g |
| Peon | 15 | 1125 | / | 0 |
| total: | 15 | 1125g | / | 0w |
| Watch Tower | 7 | 770 | / | 560 |
| Altar of Storms | 1 | 180 | / | 50 |
| Orc Burrow | 2 | 320 | / | 80 |
| War Mill | 1 | 205 | / | 0 |
| Voodoo Lounge | 1 | 130 | / | 30 |
| Beastiary | 3 | 435 | / | 420 |
| Stronghold | 1 | 315 | / | 190 |
| Fortress | 1 | 325 | / | 190 |
| total: | 15 | 2040g | / | 1140w |
| 0:04 | Peon |
| 0:04 | Peon |
| 0:07 | Altar of Storms |
| 0:10 | Orc Burrow |
| 0:13 | Peon |
| 0:25 | Peon |
| 0:50 | War Mill |
| 1:02 | Peon |
| 1:08 | Voodoo Lounge |
| 1:20 | Peon |
| 1:31 | Peon |
| 1:47 | Peon |
| 1:57 | Orc Burrow |
| 1:58 | Peon |
| 2:05 | Watch Tower |
| 2:13 | Lesser Clarity Potion |
| 2:19 | Scroll of Speed |
| 2:22 | Healing Salve |
| 2:36 | Peon |
| 2:39 | Watch Tower |
| 2:51 | Shockwave |
| 3:05 | Stronghold |
| 3:37 | Watch Tower |
| 3:38 | Watch Tower |
| 4:10 | Watch Tower |
| 4:11 | Watch Tower |
| 5:02 | Lesser Clarity Potion |
| 5:02 | Lesser Clarity Potion |
| 5:02 | Healing Salve |
| 5:29 | Boots of Speed |
| 5:46 | Staff of Teleportation |
| 5:59 | Fortress |
| 6:24 | Reinforced Defenses |
| 6:27 | Beastiary |
| 7:06 | Endurance Aura |
| 7:41 | Robe of the Magi +6 |
| 8:23 | Tiny Great Hall |
| 8:54 | Lesser Clarity Potion |
| 8:56 | Healing Salve |
| 9:00 | Orb of Lightning |
| 9:09 | Watch Tower |
| 9:42 | Lesser Clarity Potion |
| 9:48 | Beastiary |
| 9:58 | Endurance Aura |
| 10:39 | Peon |
| 10:39 | Peon |
| 10:39 | Peon |
| 10:39 | Peon |
| 10:40 | Peon |
| 10:42 | Beastiary |
| 10:47 | Lesser Clarity Potion |
| Right click | 538 |
| Select group | 146 |
| Select | 53 |
| Build/train/purchase | 47 |
| Resource trade | 32 |
| Use ability | 29 |
| Misc. action | 20 |
| Assign group | 10 |
| Item give/drop | 9 |
| Chat | 7 |
| Esc | 2 |


| Boots of Speed | 2 | 500 |
| Periapt of Vitality | 1 | 325 |
| Staff of Teleportation | 1 | 150 |
| Healing Salve | 1 | 100 |
| total: | 5 | 1075g |
| Peasant | 18 | 1350 | / | 0 |
| total: | 18 | 1350g | / | 0w |
| Scout Tower | 34 | 1020 | / | 680 |
| Arcane Tower | 2 | 140 | / | 100 |
| Guard Tower | 24 | 1680 | / | 1200 |
| Altar of Kings | 1 | 180 | / | 50 |
| Farm | 5 | 400 | / | 100 |
| Lumber Mill | 1 | 120 | / | 0 |
| Town Hall | 1 | 385 | / | 205 |
| Arcane Vault | 2 | 260 | / | 60 |
| Arcane Sanctum | 1 | 150 | / | 140 |
| Keep | 1 | 320 | / | 210 |
| Castle | 1 | 360 | / | 210 |
| total: | 45 | 2515g | / | 1235w |
| 0:01 | Peasant |
| 0:02 | Peasant |
| 0:12 | Altar of Kings |
| 0:17 | Farm |
| 0:31 | Farm |
| 0:37 | Peasant |
| 0:37 | Peasant |
| 0:38 | Peasant |
| 0:42 | Scout Tower |
| 0:43 | Scout Tower |
| 0:51 | Peasant |
| 1:12 | Lumber Mill |
| 1:30 | Peasant |
| 1:30 | Peasant |
| 1:30 | Peasant |
| 1:39 | Peasant |
| 1:40 | Arcane Tower |
| 1:40 | Scout Tower |
| 1:57 | Peasant |
| 2:07 | Scout Tower |
| 2:13 | Blizzard |
| 2:16 | Guard Tower |
| 2:17 | Scout Tower |
| 2:18 | Scout Tower |
| 2:18 | Scout Tower |
| 2:19 | Peasant |
| 2:19 | Peasant |
| 2:20 | Peasant |
| 2:38 | Guard Tower |
| 2:43 | Improved Masonry |
| 3:01 | Guard Tower |
| 3:03 | Healing Salve |
| 3:55 | Guard Tower |
| 3:58 | Peasant |
| 4:03 | Town Hall |
| 4:12 | Scout Tower |
| 4:13 | Scout Tower |
| 4:14 | Scout Tower |
| 4:14 | Scout Tower |
| 4:40 | Keep |
| 4:42 | Arcane Tower |
| 4:45 | Scout Tower |
| 4:46 | Scout Tower |
| 4:46 | Scout Tower |
| 4:48 | Brilliance Aura |
| 4:57 | Farm |
| 4:57 | Farm |
| 5:03 | Boots of Speed |
| 5:15 | Guard Tower |
| 5:15 | Guard Tower |
| 5:57 | Guard Tower |
| 5:59 | Scout Tower |
| 6:00 | Scout Tower |
| 6:00 | Scout Tower |
| 6:01 | Scout Tower |
| 6:01 | Scout Tower |
| 6:01 | Scout Tower |
| 6:08 | Guard Tower |
| 6:17 | Scout Tower |
| 6:18 | Scout Tower |
| 6:18 | Scout Tower |
| 6:18 | Scout Tower |
| 6:19 | Scout Tower |
| 6:19 | Scout Tower |
| 6:31 | Guard Tower |
| 6:49 | Periapt of Vitality |
| 7:39 | Guard Tower |
| 7:39 | Guard Tower |
| 7:40 | Guard Tower |
| 7:54 | Improved Lumber Harvesting |
| 7:55 | Advanced Masonry |
| 7:56 | Peasant |
| 8:11 | Guard Tower |
| 8:11 | Guard Tower |
| 8:13 | Guard Tower |
| 8:36 | Storm Bolt |
| 8:44 | Castle |
| 8:44 | Guard Tower |
| 8:45 | Guard Tower |
| 8:56 | Guard Tower |
| 8:58 | Scout Tower |
| 8:58 | Scout Tower |
| 9:17 | Guard Tower |
| 9:20 | Arcane Sanctum |
| 9:23 | Arcane Vault |
| 9:30 | Arcane Vault |
| 9:48 | Guard Tower |
| 9:50 | Peasant |
| 9:50 | Peasant |
| 10:00 | Farm |
| 10:25 | Scout Tower |
| 10:26 | Scout Tower |
| 10:27 | Scout Tower |
| 10:27 | Scout Tower |
| 10:28 | Scout Tower |
| 10:29 | Scout Tower |
| 11:06 | Staff of Teleportation |
| 11:06 | Boots of Speed |
| Right click | 859 |
| Select | 222 |
| Select group | 73 |
| Build/train/purchase | 68 |
| Chat | 39 |
| Use ability | 21 |
| Assign group | 9 |
| Misc. action | 8 |
| Minimap ping | 8 |
| Item give/drop | 1 |


| Healing Salve | 2 | 200 |
| Boots of Speed | 1 | 250 |
| Staff of Teleportation | 1 | 150 |
| total: | 4 | 600g |
| Peon | 13 | 975 | / | 0 |
| total: | 13 | 975g | / | 0w |
| Watch Tower | 19 | 2090 | / | 1520 |
| Altar of Storms | 1 | 180 | / | 50 |
| Orc Burrow | 3 | 480 | / | 120 |
| Voodoo Lounge | 2 | 260 | / | 60 |
| War Mill | 1 | 205 | / | 0 |
| Beastiary | 3 | 435 | / | 420 |
| Stronghold | 1 | 315 | / | 190 |
| Fortress | 1 | 325 | / | 190 |
| total: | 29 | 3650g | / | 2170w |
| 0:02 | Peon |
| 0:02 | Peon |
| 0:05 | Altar of Storms |
| 0:18 | Orc Burrow |
| 0:22 | Peon |
| 0:35 | Peon |
| 0:50 | Voodoo Lounge |
| 0:54 | War Mill |
| 0:58 | Voodoo Lounge |
| 1:04 | Peon |
| 1:14 | Peon |
| 1:30 | Peon |
| 1:36 | Peon |
| 1:52 | Peon |
| 1:56 | Orc Burrow |
| 2:08 | Watch Tower |
| 2:18 | Healing Salve |
| 2:20 | Wind Walk |
| 2:25 | Peon |
| 2:30 | Watch Tower |
| 2:40 | Peon |
| 2:45 | Watch Tower |
| 3:03 | Peon |
| 3:07 | Watch Tower |
| 3:35 | Peon |
| 3:44 | Boots of Speed |
| 3:45 | Staff of Teleportation |
| 4:17 | Stronghold |
| 4:39 | Watch Tower |
| 4:43 | Watch Tower |
| 4:55 | Watch Tower |
| 4:57 | Watch Tower |
| 5:01 | Critical Strike |
| 5:57 | Orc Burrow |
| 6:44 | Watch Tower |
| 6:46 | Watch Tower |
| 7:38 | Beastiary |
| 7:43 | Wind Walk |
| 7:49 | Hex |
| 7:54 | Reinforced Defenses |
| 7:55 | Watch Tower |
| 7:57 | Watch Tower |
| 8:03 | Healing Salve |
| 8:08 | Watch Tower |
| 8:10 | Watch Tower |
| 8:15 | Spiked Barricades |
| 8:42 | Beastiary |
| 8:52 | Beastiary |
| 9:20 | Watch Tower |
| 9:24 | Watch Tower |
| 9:48 | Fortress |
| 10:29 | Watch Tower |
| 10:38 | Watch Tower |
| 10:40 | Watch Tower |
| Right click | 589 |
| Select | 161 |
| Select group | 99 |
| Build/train/purchase | 34 |
| Use ability | 15 |
| Chat | 15 |
| Misc. action | 14 |
| Resource trade | 10 |
| Assign group | 4 |
| Item give/drop | 3 |
| Minimap ping | 3 |
| Esc | 2 |


| Scroll of Regeneration | 1 | 100 |
| Staff of Teleportation | 1 | 150 |
| Boots of Speed | 2 | 500 |
| total: | 4 | 750g |
| Peasant | 28 | 2100 | / | 0 |
| total: | 28 | 2100g | / | 0w |
| Scout Tower | 36 | 1080 | / | 720 |
| Arcane Tower | 3 | 210 | / | 150 |
| Guard Tower | 14 | 980 | / | 700 |
| Altar of Kings | 1 | 180 | / | 50 |
| Farm | 4 | 320 | / | 80 |
| Lumber Mill | 1 | 120 | / | 0 |
| Town Hall | 3 | 1155 | / | 615 |
| Arcane Vault | 1 | 130 | / | 30 |
| Keep | 1 | 320 | / | 210 |
| Castle | 1 | 360 | / | 210 |
| total: | 46 | 2985g | / | 1495w |
| 0:04 | Peasant |
| 0:04 | Peasant |
| 0:08 | Altar of Kings |
| 0:16 | Peasant |
| 0:24 | Farm |
| 0:27 | Peasant |
| 0:31 | Peasant |
| 0:53 | Lumber Mill |
| 0:56 | Peasant |
| 1:08 | Farm |
| 1:10 | Scout Tower |
| 1:12 | Peasant |
| 1:12 | Peasant |
| 1:32 | Peasant |
| 1:35 | Arcane Tower |
| 1:42 | Peasant |
| 1:47 | Scout Tower |
| 1:57 | Peasant |
| 2:01 | Farm |
| 2:08 | Peasant |
| 2:13 | Blizzard |
| 2:16 | Scout Tower |
| 2:22 | Guard Tower |
| 2:23 | Peasant |
| 2:47 | Peasant |
| 2:48 | Peasant |
| 2:49 | Guard Tower |
| 2:50 | Scout Tower |
| 3:06 | Peasant |
| 3:06 | Peasant |
| 3:49 | Brilliance Aura |
| 3:52 | Guard Tower |
| 3:54 | Scout Tower |
| 3:58 | Town Hall |
| 4:17 | Peasant |
| 4:17 | Peasant |
| 4:23 | Scout Tower |
| 4:24 | Scout Tower |
| 4:28 | Scout Tower |
| 4:28 | Scout Tower |
| 4:30 | Peasant |
| 4:51 | Arcane Vault |
| 5:03 | Staff of Teleportation |
| 5:03 | Boots of Speed |
| 5:06 | Boots of Speed |
| 5:17 | Guard Tower |
| 5:18 | Guard Tower |
| 5:23 | Guard Tower |
| 5:26 | Arcane Tower |
| 6:14 | Keep |
| 6:17 | Peasant |
| 6:17 | Peasant |
| 6:27 | Improved Masonry |
| 6:29 | Scroll of Regeneration |
| 6:42 | Guard Tower |
| 6:45 | Scout Tower |
| 6:47 | Scout Tower |
| 6:47 | Scout Tower |
| 6:48 | Scout Tower |
| 6:49 | Scout Tower |
| 7:03 | Scout Tower |
| 7:03 | Scout Tower |
| 7:04 | Scout Tower |
| 7:04 | Scout Tower |
| 7:05 | Scout Tower |
| 7:06 | Scout Tower |
| 7:36 | Blizzard |
| 7:45 | Town Hall |
| 7:55 | Scout Tower |
| 8:24 | Scout Tower |
| 8:25 | Scout Tower |
| 8:26 | Scout Tower |
| 8:26 | Scout Tower |
| 8:27 | Scout Tower |
| 8:28 | Scout Tower |
| 8:33 | Guard Tower |
| 8:41 | Improved Lumber Harvesting |
| 8:42 | Peasant |
| 8:42 | Peasant |
| 9:14 | Guard Tower |
| 9:16 | Guard Tower |
| 9:17 | Peasant |
| 9:17 | Peasant |
| 9:29 | Scout Tower |
| 9:30 | Scout Tower |
| 9:31 | Scout Tower |
| 9:31 | Scout Tower |
| 9:32 | Scout Tower |
| 9:33 | Scout Tower |
| 9:40 | Town Hall |
| 9:42 | Guard Tower |
| 9:46 | Storm Bolt |
| 9:57 | Castle |
| 10:00 | Guard Tower |
| 10:05 | Peasant |
| 10:05 | Peasant |
| 10:07 | Farm |
| 10:31 | Guard Tower |
| 10:34 | Scout Tower |
| 10:34 | Scout Tower |
| 10:35 | Scout Tower |
| 10:42 | Advanced Masonry |
| 10:44 | Guard Tower |
| Right click | 567 |
| Select group | 219 |
| Select | 144 |
| Build/train/purchase | 75 |
| Misc. action | 26 |
| Use ability | 19 |
| Assign group | 7 |
| Minimap ping | 6 |
| Item give/drop | 5 |
| Esc | 2 |
100 units @ 11.7k
/ 0.9k
56 buildings @ 9.4k
/ 3.8k

| Healing Salve | 3 | 300 |
| Scroll of Speed | 1 | 50 |
| total: | 4 | 350g |
| Peon | 8 | 600 | / | 0 |
| Grunt | 4 | 800 | / | 0 |
| Troll Headhunter | 5 | 700 | / | 100 |
| Harpy Rogue | 1 | 215 | / | 20 |
| total: | 18 | 2315g | / | 120w |
| Watch Tower | 1 | 110 | / | 80 |
| Altar of Storms | 1 | 180 | / | 50 |
| Orc Burrow | 4 | 640 | / | 160 |
| Barracks | 2 | 360 | / | 100 |
| War Mill | 1 | 205 | / | 0 |
| Voodoo Lounge | 1 | 130 | / | 30 |
| Great Hall | 1 | 385 | / | 185 |
| Stronghold | 1 | 315 | / | 190 |
| Fortress | 1 | 325 | / | 190 |
| total: | 11 | 2010g | / | 605w |
| 0:08 | Altar of Storms |
| 0:10 | Orc Burrow |
| 0:13 | Barracks |
| 0:37 | Peon |
| 0:49 | Peon |
| 1:20 | Grunt |
| 1:27 | Peon |
| 1:40 | Peon |
| 2:01 | Orc Burrow |
| 2:03 | Peon |
| 2:09 | Feral Spirit |
| 2:26 | Peon |
| 2:26 | Peon |
| 2:55 | War Mill |
| 3:00 | Voodoo Lounge |
| 3:03 | Barracks |
| 3:25 | Grunt |
| 3:52 | Grunt |
| 4:10 | Grunt |
| 4:18 | Orc Burrow |
| 4:27 | Healing Salve |
| 4:32 | Scroll of Speed |
| 5:09 | Steel Armor |
| 5:19 | Peon |
| 5:25 | Troll Headhunter |
| 5:26 | Troll Headhunter |
| 5:43 | Orc Burrow |
| 6:26 | Stronghold |
| 6:28 | Steel Ranged Weapons |
| 6:38 | Troll Headhunter |
| 7:01 | Chain Lighting |
| 7:13 | Troll Headhunter |
| 7:13 | Troll Headhunter |
| 7:29 | Steel Melee Weapons |
| 7:39 | Healing Salve |
| 8:05 | Great Hall |
| 8:41 | Watch Tower |
| 8:49 | Berserker Strength |
| 8:50 | Fortress |
| 9:19 | Thorium Armor |
| 9:31 | Healing Salve |
| 10:10 | Chain Lighting |
| 10:41 | Harpy Rogue |
| Select | 87 |
| Right click | 48 |
| Chat | 45 |
| Build/train/purchase | 39 |
| Misc. action | 33 |
| Assign group | 22 |
| Select group | 19 |
| Use ability | 10 |
| Resource trade | 4 |

| Gauntlets of Ogre Strength +3 | 1 | 100 |
| Pendant of Energy | 1 | 300 |
| total: | 2 | 400g |
| Peon | 7 | 525 | / | 0 |
| Troll Headhunter | 18 | 2520 | / | 360 |
| total: | 25 | 3045g | / | 360w |
| Watch Tower | 1 | 110 | / | 80 |
| Altar of Storms | 1 | 180 | / | 50 |
| Orc Burrow | 6 | 960 | / | 240 |
| War Mill | 1 | 205 | / | 0 |
| Barracks | 2 | 360 | / | 100 |
| Voodoo Lounge | 1 | 130 | / | 30 |
| Tauren Totem | 1 | 135 | / | 155 |
| Beastiary | 1 | 145 | / | 140 |
| Stronghold | 1 | 315 | / | 190 |
| total: | 14 | 2225g | / | 795w |
| 0:06 | Altar of Storms |
| 0:10 | Orc Burrow |
| 0:14 | Peon |
| 0:14 | Peon |
| 0:17 | Peon |
| 1:05 | War Mill |
| 1:13 | Orc Burrow |
| 2:08 | Barracks |
| 2:33 | Peon |
| 2:33 | Peon |
| 2:33 | Peon |
| 2:34 | Peon |
| 2:46 | Mirror Image |
| 3:12 | Troll Headhunter |
| 3:12 | Troll Headhunter |
| 3:12 | Troll Headhunter |
| 3:12 | Troll Headhunter |
| 3:19 | Spiked Barricades |
| 3:30 | Orc Burrow |
| 3:53 | Voodoo Lounge |
| 4:59 | Orc Burrow |
| 5:17 | Stronghold |
| 5:56 | Barracks |
| 6:01 | Orc Burrow |
| 6:14 | Wind Walk |
| 6:39 | Troll Headhunter |
| 6:39 | Troll Headhunter |
| 6:39 | Troll Headhunter |
| 6:39 | Troll Headhunter |
| 6:39 | Troll Headhunter |
| 6:39 | Troll Headhunter |
| 7:24 | Orc Burrow |
| 7:42 | Tauren Totem |
| 7:50 | Steel Ranged Weapons |
| 7:53 | Steel Armor |
| 8:10 | Troll Regeneration |
| 8:37 | Troll Headhunter |
| 8:37 | Troll Headhunter |
| 8:37 | Troll Headhunter |
| 8:55 | Beastiary |
| 9:17 | Watch Tower |
| 10:01 | Troll Headhunter |
| 10:01 | Troll Headhunter |
| 10:01 | Troll Headhunter |
| 10:01 | Troll Headhunter |
| 10:01 | Troll Headhunter |
| 10:51 | Gauntlets of Ogre Strength +3 |
| 10:54 | Pendant of Energy |
| Right click | 148 |
| Select | 75 |
| Build/train/purchase | 38 |
| Misc. action | 11 |
| Use ability | 2 |
| Item give/drop | 1 |

| Rod of Necromancy | 3 | 450 |
| Sacrificial Skull | 1 | 50 |
| total: | 4 | 500g |
| Acolyte | 7 | 525 | / | 0 |
| Ghoul | 14 | 1680 | / | 0 |
| Necromancer | 2 | 290 | / | 40 |
| total: | 23 | 2495g | / | 40w |
| Nerubian Tower | 2 | 200 | / | 40 |
| Crypt | 1 | 200 | / | 50 |
| Graveyard | 1 | 215 | / | 0 |
| Ziggurat | 5 | 750 | / | 250 |
| Altar of Darkness | 1 | 180 | / | 50 |
| Tomb of Relics | 1 | 130 | / | 30 |
| Necropolis | 1 | 225 | / | 0 |
| Temple of the Damned | 3 | 465 | / | 420 |
| Slaughterhouse | 2 | 280 | / | 270 |
| Halls of the Dead | 1 | 320 | / | 210 |
| total: | 15 | 2445g | / | 1070w |
| 0:06 | Acolyte |
| 0:14 | Crypt |
| 0:19 | Graveyard |
| 0:23 | Acolyte |
| 0:51 | Ziggurat |
| 1:05 | Altar of Darkness |
| 1:17 | Ghoul |
| 1:24 | Cannibalize |
| 1:38 | Ziggurat |
| 1:47 | Ghoul |
| 1:57 | Tomb of Relics |
| 2:10 | Ghoul |
| 2:32 | Nerubian Tower |
| 2:36 | Ghoul |
| 2:54 | Nerubian Tower |
| 2:56 | Ghoul |
| 3:19 | Rod of Necromancy |
| 3:20 | Sacrificial Skull |
| 3:22 | Acolyte |
| 3:25 | Carrion Beetles |
| 3:36 | Ghoul |
| 4:30 | Ghoul |
| 4:34 | Ziggurat |
| 4:54 | Ziggurat |
| 5:01 | Necropolis |
| 5:18 | Spiked Carapace |
| 5:22 | Ghoul |
| 5:51 | Halls of the Dead |
| 5:56 | Ghoul |
| 6:06 | Unholy Strength |
| 7:21 | Ghoul |
| 7:21 | Ghoul |
| 7:21 | Ghoul |
| 7:23 | Acolyte |
| 7:24 | Acolyte |
| 7:24 | Acolyte |
| 7:24 | Acolyte |
| 7:31 | Ziggurat |
| 7:46 | Unholy Armor |
| 7:51 | Ghoul |
| 7:51 | Ghoul |
| 8:36 | Temple of the Damned |
| 8:46 | Rod of Necromancy |
| 9:05 | Slaughterhouse |
| 9:14 | Temple of the Damned |
| 9:47 | Temple of the Damned |
| 9:49 | Slaughterhouse |
| 9:52 | Skeletal Mastery |
| 10:44 | Necromancer |
| 10:44 | Necromancer |
| 10:49 | Necromancer Adept Training |
| 10:51 | Rod of Necromancy |
| Right click | 379 |
| Select | 161 |
| Build/train/purchase | 55 |
| Chat | 28 |
| Misc. action | 7 |
| Use ability | 3 |
| Minimap ping | 3 |

| Wisp | 23 | 1380 | / | 0 |
| Archer | 6 | 780 | / | 60 |
| Chimaera | 5 | 1650 | / | 350 |
| total: | 34 | 3810g | / | 410w |
| Altar of Elders | 1 | 180 | / | 50 |
| Moon Well | 7 | 1260 | / | 280 |
| Ancient of War | 1 | 150 | / | 60 |
| Ancient of Wonders | 2 | 180 | / | 60 |
| Tree of Life | 1 | 340 | / | 185 |
| Hunter's Hall | 1 | 210 | / | 100 |
| Chimaera Roost | 3 | 420 | / | 570 |
| Tree of Ages | 1 | 320 | / | 180 |
| Tree of Eternity | 1 | 330 | / | 200 |
| total: | 16 | 2740g | / | 1305w |
| 0:02 | Wisp |
| 0:02 | Wisp |
| 0:06 | Altar of Elders |
| 0:10 | Moon Well |
| 0:28 | Wisp |
| 0:32 | Ancient of War |
| 0:38 | Wisp |
| 0:46 | Wisp |
| 0:59 | Wisp |
| 1:15 | Wisp |
| 1:25 | Wisp |
| 1:28 | Moon Well |
| 1:33 | Archer |
| 1:53 | Archer |
| 1:56 | Ancient of Wonders |
| 2:10 | Force of Nature |
| 2:14 | Archer |
| 2:26 | Moon Well |
| 2:38 | Archer |
| 2:44 | Wisp |
| 2:57 | Archer |
| 3:01 | Wisp |
| 3:04 | Wisp |
| 3:20 | Wisp |
| 3:44 | Tree of Ages |
| 4:06 | Entangling Roots |
| 4:15 | Tree of Life |
| 4:33 | Moon Well |
| 4:55 | Hunter's Hall |
| 5:33 | Moon Well |
| 6:10 | Tree of Eternity |
| 6:24 | Wisp |
| 6:24 | Wisp |
| 6:27 | Strength of the Wild |
| 6:38 | Moon Well |
| 6:43 | Reinforced Hides |
| 6:46 | Wisp |
| 7:29 | Wisp |
| 7:30 | Wisp |
| 7:37 | Moon Well |
| 8:21 | Wisp |
| 8:22 | Wisp |
| 8:26 | Improved Strength of the Wild |
| 8:33 | Chimaera Roost |
| 8:35 | Chimaera Roost |
| 8:37 | Chimaera Roost |
| 8:41 | Archer |
| 8:43 | Wisp |
| 8:43 | Wisp |
| 9:08 | Ancient of Wonders |
| 9:11 | Wisp |
| 9:14 | Wisp |
| 9:48 | Advanced Strength of the Wild |
| 9:54 | Chimaera |
| 9:57 | Chimaera |
| 10:00 | Chimaera |
| 10:16 | Chimaera |
| 10:37 | Corrosive Breath |
| 10:47 | Chimaera |
| Right click | 331 |
| Select | 175 |
| Select group | 129 |
| Build/train/purchase | 47 |
| Assign group | 43 |
| Use ability | 13 |
| Minimap ping | 5 |
| Remove unit | 2 |
| Misc. action | 1 |